 Dungeon Sprint DCSS version 0.17-a0-1485-g22cb0ee (webtiles) character file.

305 nuthulu the Grappler (level 6, -3/68 HPs)
             Began as a Troll Berserker on July 5, 2015.
             Was an Elder of Trog.
             Slain by a gnoll sergeant
             ... wielding a +0 spear
              (6 damage)
             ... in the Dungeon (Sprint VII: "The Pits").
             The game lasted 00:00:39 (104 turns).

nuthulu the Grappler (Troll Berserker)               Turns: 104, Time: 00:00:39

Health: -3/68      AC:  5    Str: 28    XL:     6   Next: 16%
Magic:  5/5        EV: 12    Int:  3    God:    Trog [****..]
Gold:   0          SH:  0    Dex:  9    Spells: 0 memorised, 5 levels left

rFire  . . .     SeeInvis .       - Unarmed
rCold  . . .     Clarity  .     a - +0 animal skin
rNeg   . . .     SustAt   .     (no shield)
rPois  .         Gourm    +     (helmet restricted)
rElec  .         Spirit   .     (no cloak)
rCorr  .         Warding  .     (gloves unavailable)
rMut   .         NoTele   +     (boots unavailable)
MR     .....                    (no amulet)
Stlth  +.........               (no ring)
                                (no ring)

@: exhausted, slowed, very slow, not resistant to hostile enchantments, very
unstealthy
A: unfitting armour, claws 3, fast metabolism 3, gourmand, regeneration 2,
shaggy fur 1, tough skin 2
a: Burn Spellbooks, Berserk, Trog's Hand, Brothers in Arms, Renounce Religion


You were in the Dungeon.
You worshipped Trog.
Trog was greatly pleased with you.
You were not hungry.

You visited 1 branch

Inventory:

Armour
 a - a +0 animal skin (worn)
Scrolls
 h - a scroll of blinking
Potions
 c - a potion of curing
 d - a potion of heal wounds
 e - a potion of haste
 f - 2 potions of magic
 g - a potion of berserk rage
Comestibles
 b - 2 bread rations


   Skills:
 + Level 6.7 Fighting
 + Level 6.8 Dodging
 + Level 8.1 Unarmed Combat


You had 5 spell levels left.
You didn't know any spells.

Dungeon Overview and Level Annotations

Branches:
Dungeon (1/1)

Altars:


Innate Abilities, Weirdness & Mutations

You are too large for most types of armour.
You have claws for hands.
Your metabolism is lightning-fast.
You like to eat raw meat.
You heal very quickly.
You are covered in fur (AC +1).
You have very tough skin (AC +2).


Message History

Trog accepts your kill.
You can now call in reinforcements.
You are no longer berserk.
You are exhausted.
You feel yourself slow down.
You claw the wolf!
The wolf begins to bleed from its wounds!
The wolf is heavily wounded.
The gnoll sergeant hits you from afar with a spear!
* * * LOW HITPOINT WARNING * * *
The wolf closely misses you.
The gnoll sergeant hits you from afar with a spear.
* * * LOW HITPOINT WARNING * * *
The wolf closely misses you.
You completely miss the wolf.
The wolf is moderately wounded.
The gnoll hits you from afar with a spear.
* * * LOW HITPOINT WARNING * * *
The wolf closely misses you.
The gnoll sergeant hits you from afar with a spear.
You die...

#'#####'#####(....
#.# ..# #..... #.#
+..# ####'# #.#
#### #..... #.#
#..... #.# #.....
#.# #...<. #)#
#..... #@# #.....
#h# #.....
#gg.h...# ######
#g.###..# #...
##.## .. .# g.


You could see a gnoll sergeant, a wolf (bleeding) and 2 gnolls.

Vanquished Creatures
  A wolf (D)
  Blork the orc (D)
  A hound (D)
  A jelly (D)
  An adder (D)
  3 gnolls (D)
  A bat zombie (D)
  A kobold (D)
10 creatures vanquished.

Notes
Turn   | Place    | Note
--------------------------------------------------------------
     0 | D        | nuthulu the Troll Berserker began the quest for the Orb.
     0 | D        | Reached XP level 1. HP: 22/22 MP: 0/0
    27 | D        | Reached XP level 2. HP: 22/31 MP: 1/1
    82 | D        | Noticed a hound
    82 | D        | Noticed Blork the orc
    83 | D        | Noticed a wolf
    83 | D        | Noticed a jelly
    83 | D        | Noticed a gnoll sergeant
    89 | D        | Killed a hound
    89 | D        | Acquired Trog's second power
    89 | D        | Reached skill level 4 in Fighting
    89 | D        | Reached XP level 3. HP: 35/39 MP: 2/2
    91 | D        | Noticed a wolf
    93 | D        | Killed Blork the orc
    93 | D        | Reached skill level 5 in Fighting
    93 | D        | Reached skill level 5 in Dodging
    93 | D        | Reached skill level 6 in Unarmed Combat
    93 | D        | Reached XP level 4. HP: 42/50 MP: 3/3
    96 | D        | Killed a jelly
    96 | D        | Reached XP level 5. HP: 48/57 MP: 4/4
   101 | D        | Killed a wolf
   101 | D        | Reached skill level 8 in Unarmed Combat
   101 | D        | Reached XP level 6. HP: 33/68 MP: 5/5
   102 | D        | Acquired Trog's third power
   104 | D        | HP: 3/68 [gnoll/spear (5)]
   104 | D        | Slain by a gnoll sergeant

Vault maps used:
D:        pitsprint

Action                   |  1- 3 |  4- 6 || total
-------------------------+-------+-------++-------
Melee: Unarmed           |    14 |     9 ||    23
Invok: Berserk           |     1 |       ||     1
